 Dungeon Crawl Stone Soup version 0.14-a0-3472-gf2e932f (webtiles) character file.

201959 Persuasio the Fencer (level 19, -1/142 HPs)
             Began as a Human Fighter on Mar 23, 2014.
             Was a High Priest of Okawaru.
             Killed from afar by a raiju (14 damage)
             ... with a living lightning
             ... on Level 1 of the Abyss on Mar 25, 2014.
             The game lasted 06:49:18 (41542 turns).

Persuasio the Fencer (Human Fighter)               Turns: 41542, Time: 06:49:18

HP  -1/142       AC 38     Str 21      XL: 19   Next: 18%
MP  27/28        EV  5     Int 11      God: Okawaru [*****.]
Gold 2342        SH 33     Dex 15      Spells:  0 memorised, 18 levels left

rFire  . . .     SeeInvis .     S - +3 demon blade "Xeeplicw" {flame, rPois}
rCold  . . .     Clarity  .     l - +0 crystal plate armour
rNeg   . . .     Conserve .     E - +2 shield {reflect}
rPois  +         rCorr    +     X - +2 hat {Int+3}
rElec  .         rRot     .     A - +2 cloak
SustAb . .       Spirit   .     s - +2 pair of gloves
rMut   .         Warding  .     z - +1 pair of boots {run}
Saprov . . .     Stasis   .     Z - amulet of resist corrosion
MR     ++...                    I - ring of protection from magic
                                J - ring of regeneration

@: burdened, heroism, very resistant to hostile enchantments, extremely
unstealthy
A: antennae 1, talons 1, high mp 1, weak 1
a: Heroism, Finesse, Renounce Religion
}: 1/15 runes: gossamer


You were on level 1 of the Abyss.
You worshipped Okawaru.
Okawaru was extremely pleased with you.
You were encumbered.
You were not hungry.

You visited 6 branches of the dungeon, and saw 35 of its levels.
You visited the Abyss 1 time.
You visited 1 bazaar.
You also visited: Sewer and Ice Cave.

You collected 2639 gold pieces.
You spent 297 gold pieces at shops.

Inventory:

Hand weapons
 k - a +4,+5 sling of flame
 B - the +12,+5 long sword of Disaster {venom, +Fly}
   (Okawaru gifted it to you on level 1 of the Spider Nest)

   It poisons the flesh of those it strikes.
   It lets you fly.
 S - the +3,+3 demon blade "Xeeplicw" (weapon) {flame, rPois}
   (You found it on level 12 of the Dungeon)

   It emits flame when wielded, causing extra injury to most foes and up to
   double damage against particularly susceptible opponents.
   Big, fiery blades are also staple armaments of hydra-hunters.
   It protects you from poison.
Missiles
 c - 14 sling bullets of frost
 e - 28 sling bullets of flame
 j - 44 poisoned sling bullets
 m - 15 sling bullets
 o - 7 tomahawks
 t - 36 stones
 W - 2 steel javelins (quivered)
Armour
 l - a +0 crystal plate armour (worn)
 r - a +0 robe of magic resistance
 s - a +2 pair of gloves (worn)
 z - a +1 pair of boots of running (worn)
 A - a +2 cloak (worn)
 E - a +2 shield of reflection (worn)
 G - the +3 shield of Melancholy {rElec MR+}
   (Okawaru gifted it to you on level 5 of the Spider Nest)

   It insulates you from electricity.
   It affects your resistance to hostile enchantments.
 X - a +2 hat of intelligence (worn)
Magical devices
 b - a wand of frost (2)
 f - a wand of polymorph (15)
 h - a wand of invisibility (5)
 p - a wand of lightning (8)
 w - a wand of lightning (5)
 F - a wand of paralysis (15)
 M - a wand of slowing (21)
 P - a wand of fire (3)
 Q - a wand of digging (21)
Comestibles
 i - 7 meat rations
 L - 9 cheeses
Scrolls
 d - 2 scrolls of recharging
 q - 6 scrolls of remove curse
 u - 2 scrolls of vulnerability
 H - 4 scrolls of identify
 U - 3 scrolls of fear
Jewellery
 I - a ring of protection from magic (right hand)
 J - a ring of regeneration (left hand)
 K - an uncursed ring of sustain abilities
 Y - an uncursed ring of protection from fire
 Z - an amulet of resist corrosion (around neck)
Potions
 a - a potion of might
 v - a potion of restore abilities
 x - a potion of berserk rage
 y - a potion of cure mutation
 D - 3 potions of flight
 N - 6 potions of curing
Miscellaneous
 O - a lamp of fire (inert)
 R - a plain deck of wonders {the Sage, drawn: 5}


   Skills:
 + Level 10.4(15.4) Fighting
 * Level 17.8(22.8) Long Blades
 * Level 13.2(18.2) Slings
 + Level 8.9(13.9) Throwing
 * Level 14.4(19.4) Armour
 + Level 4.6(9.6) Dodging
 + Level 1.5(6.5) Stealth
 + Level 13.8(18.8) Shields
 + Level 5.0 Invocations
 + Level 1.8 Evocations


You had 18 spell levels left.
You didn't know any spells.

Dungeon Overview and Level Annotations

Branches:
Dungeon (12/15)            Temple (0/1) D:6             Orc (4/4) D:9
    Elf (3/3) Orc:4          Lair (8/8) D:8           Swamp (3/5) Lair:6
 Spider (5/5) Lair:4        Slime (0/6) Lair:7

Altars:
Ashenzari
Elyvilon
Fedhas
Kikubaaqudgha
Makhleb
Okawaru
Yredelemnul
Zin
Beogh
Jiyva

Shops:
D:4 [   D:5 (   D:6 !   D:9 [   D:10 *   D:11 }   Orc:4 ?}%[

Portals:
Bazaar: Elf:2

Annotations:
D:9 Maurice


Innate Abilities, Weirdness & Mutations

You have a pair of small antennae on your head.
You have sharp toenails.
You have an increased reservoir of magic (+10% MP).
You are weak. (Str -2)


Message History

You closely miss the thrashing horror.
The thrashing horror is heavily damaged.
You block the thrashing horror's attack.
The thrashing horror tramples you but does no damage.
The hell hound breathes flames at you.
The blast of flame hits the thrashing horror.
The thrashing horror resists.
The blast of flame hits you!
* * * LOW HITPOINT WARNING * * *
You block the thrashing horror's attack.
The thrashing horror tramples you but does no damage.
That is presently inert.
You closely miss the thrashing horror.
The thrashing horror is heavily damaged.
You block the thrashing horror's attack. x2
The raiju bursts into living lightning!
The living lightning hits the thrashing horror.
The living lightning hits you!
* * * LOW HITPOINT WARNING * * *
The living lightning hits you!
You die...

.# . .... .#.
.#... .X#..#...#
.. @.#.#...##..#
...##.......
#.....3.... .
#..h..##..##.
##..#
{##Xhh##..##..# .
# #@#{...... .. .
.. ###............
.
#.{u.##D.##..##..#
##..##.5 #..##..##
.#
.........v........
.. ........ ยง1.
...... 5 #
..##..##.5##..##
.# #..##..##..##.
# .. .. . ..u.v.
...


You could see a thrashing horror, 2 raiju, a ynoxinul and a hell hound.

Vanquished Creatures
  3 tentacled starspawn (Abyss:1)
  Rupert (Lair:6)
  Kirke (Spider:2)
  A thorn hunter (Swamp:2)
  Donald (Spider:2)
  Wiglaf (Spider:5)
  A deep elf sorcerer (Elf:1)
  7 emperor scorpions
  An orc warlord (D:12)
  2 ghost moths (Spider:5)
  Gastronok (D:12)
  8 hydras
  A ravenous item mimic (Spider:5)
  A rakshasa (Abyss:1)
  Nessos (D:11)
  Erica (Lair:2)
  A shambling mangrove (Swamp:3)
  A deep troll shaman (Lair:8)
  7 death yaks
  3 orc high priests (Orc:4)
  5 alligators
  A sun demon (Abyss:1)
  A catoblepas (Lair:8)
  3 ice devils (IceCv)
  4 centaur warriors (D:12)
  5 skeletal warriors (D:11)
  2 large abominations (Abyss:1)
  10 deep elf knights
  16 orb spiders
  Erolcha (Orc:1)
  2 unseen horrors (D:11)
  3 swamp dragons
  10 deep elf summoners
  4 orc knights (Orc:4)
  5 deep elf conjurers (Elf:1)
  5 hill giants
  3 cyclopes
  40 wolf spiders
  2 griffons
  2 black mambas
  11 red wasps
  A moth of wrath (Spider:5)
  4 orc sorcerers (Orc:4)
  A worldbinder (Abyss:1)
  A manticore (D:9)
  10 elephants
  2 gargoyles (D:11)
  A smoke demon (Orc:4)
  5 small abominations
  2 feature mimics
  An item mimic (Lair:4)
  13 demonic crawlers
  2 trolls
  33 jumping spiders
  18 spiny frogs
  5 deep elf priests (Elf:1)
  A fire drake (D:8)
  An iron devil (Orc:4)
  An ancient zyme (Abyss:1)
  2 polar bears (Lair:8)
  A blue devil (Orc:4)
  6 giant leeches
  8 blink frogs
  Prince Ribbit (D:6)
  3 komodo dragons
  4 two-headed ogres
  7 bog bodies
  11 slime creatures
  6 ravens
  4 basilisks
  A grizzly bear (Lair:8)
  A thorn lotus (Swamp:2)
  16 trapdoor spiders
  A trapdoor spider (shapeshifter) (Elf:2)
  2 wyverns
  30 redbacks
  18 deep elf magi
  28 tarantellas
  2 wraiths
  An elephant slug (Lair:5)
  52 yaks
  Eustachio (D:9)
  A human (D:7)
  10 sharks
  7 hogs
  Grum (D:8)
  An ugly thing (D:8)
  10 hippogriffs
  3 hungry ghosts
  A steam dragon (D:8)
  A neqoxec (Abyss:1)
  16 wolves
  12 deep elf fighters
  A soldier ant (D:11)
  9 vampire mosquitoes
  14 swamp worms
  2 wargs (D:9)
  A necrophage (D:9)
  26 spiders
  2 swamp drakes
  10 ice beasts
  8 porcupines
  13 water moccasins
  4 sky beasts
  5 black bears
  2 phantoms (D:10)
  5 giant goldfish
  28 orc warriors
  10 ogres
  5 yellow wasps
  5 centaurs
  Sigmund (D:3)
  Duvessa (D:6)
  A brain worm (Abyss:1)
  10 giant slugs
  9 big kobolds
  17 crocodiles
  A gnoll sergeant (D:8)
  Blork the orc (D:6)
  A silver statue (Orc:4)
  17 giant frogs
  A wyvern skeleton (D:9)
  4 killer bees
  An eye of draining (D:10)
  7 scorpions
  A tengu zombie (D:11)
  12 jellies
  13 wights
  8 electric eels
  Dowan (D:6)
  2 quasits
  12 crimson imps
  7 goliath beetles
  22 orc priests
  10 iguanas
  An iron imp (D:9)
  A basilisk skeleton (D:12)
  A centaur skeleton (D:11)
  14 hounds
  26 orc wizards
  A two-headed ogre skeleton (D:11)
  9 big fish
  6 orange rats
  9 worker ants
  27 sheep
  Ijyb (D:2)
  2 crocodile zombies
  A hound zombie (D:8)
  A mummy (D:8)
  A worker ant zombie (D:8)
  11 gnolls
  50 green rats
  4 orc zombies
  2 inept feature mimics
  2 scorpion zombies
  5 shadow imps
  13 white imps
  25 adders
  3 giant mites
  6 worms
  2 ufetubi
  4 giant eyeballs
  6 giant geckos
  21 oozes
  139 orcs
  A bat skeleton (D:5)
  A bat zombie (D:6)
  7 giant cockroaches
  2 gnoll zombies (D:8)
  14 goblins
  23 hobgoblins
  16 quokkas
  7 ball pythons
  28 bats
  7 giant newts
  A giant spore (D:12)
  A goblin skeleton (D:4)
  28 jackals
  39 kobolds
  A kobold zombie (D:8)
  A quokka skeleton (D:9)
  34 rats
  4 ballistomycetes
  3 briar patches (Swamp:2)
  A butterfly (Lair:2)
  A crawling corpse (Elf:1)
  13 fungi
  10 plants
1497 creatures vanquished.

Vanquished Creatures (collateral kills)
  A deep elf summoner (Elf:2)
1 creature vanquished.

Vanquished Creatures (others)
  5 orb spiders
  A wolf spider (Spider:3)
  2 trapdoor spiders (Spider:5)
  A tarantella (Spider:4)
  2 deep elf fighters
  A giant goldfish (Spider:5)
  An orange rat (Elf:2)
  4 ufetubi (Abyss:1)
  An ooze (D:9)
  An orc (Orc:1)
  2 giant spores
  A lurking horror (Abyss:1)
  2 fungi
  6 starspawn tentacles (Abyss:1)
  65 starspawn tentacle segments (Abyss:1)
95 creatures vanquished.

Grand Total: 1593 creatures vanquished

Notes
Turn   | Place    | Note
--------------------------------------------------------------
     0 | D:1      | Persuasio, the Human Fighter, began the quest for the Orb.
     0 | D:1      | Reached XP level 1. HP: 18/18 MP: 1/1
   149 | D:1      | Reached XP level 2. HP: 18/24 MP: 2/2
   758 | D:2      | Reached XP level 3. HP: 29/29 MP: 3/3
   797 | D:2      | Noticed Ijyb
   843 | D:2      | Killed Ijyb
   843 | D:2      | Reached XP level 4. HP: 18/35 MP: 4/4
  1029 | D:2      | Reached skill level 1 in Dodging
  1193 | D:2      | Found a shattered altar of Ashenzari.
  1402 | D:2      | Reached XP level 5. HP: 37/41 MP: 5/5
  1487 | D:3      | Reached skill level 4 in Armour
  1773 | D:3      | Found a glowing drain.
  1833 | Sewer    | Entered a sewer
  1919 | Sewer    | Reached skill level 1 in Slings
  1919 | Sewer    | Reached XP level 6. HP: 29/47 MP: 6/6
  2068 | Sewer    | Reached XP level 7. HP: 45/52 MP: 7/7
  2962 | D:3      | Noticed Sigmund
  3203 | D:3      | Found a glowing silver altar of Zin.
  3221 | D:3      | Found a burning altar of Makhleb.
  3506 | D:3      | Reached skill level 5 in Armour
  3661 | D:4      | Reached XP level 8. HP: 57/59 MP: 8/8
  3720 | D:4      | Found a basalt altar of Yredelemnul.
  3724 | D:4      | Found a white marble altar of Elyvilon.
  3726 | D:4      | Found an iron altar of Okawaru.
  3730 | D:4      | Became a worshipper of Warmaster Okawaru
  3771 | D:4      | Paralysed by a giant eyeball for 4 turns
  3916 | D:4      | Reached skill level 5 in Shields
  4517 | D:4      | Found Nipyonn's Armour Emporium.
  4603 | D:5      | Entered Level 5 of the Dungeon
  4805 | D:5      | Found Ninkecae's Weapon Shoppe.
  4885 | D:5      | Got a brightly glowing jade ring
  5209 | D:5      | Paralysed by a giant eyeball for 2 turns
  5900 | D:6      | Found Muget's Distillery.
  5902 | D:6      | Bought 2 potions of curing for 52 gold pieces
  5902 | D:6      | Bought a potion of heal wounds for 39 gold pieces
  5934 | D:6      | Reached skill level 1 in Throwing
  6045 | D:6      | Noticed Blork the orc
  6066 | D:6      | Killed Blork the orc
  6066 | D:6      | Reached skill level 5 in Long Blades
  6076 | D:6      | Noticed Dowan
  6077 | D:6      | Noticed Duvessa
  6096 | D:6      | Killed Duvessa
  6103 | D:6      | Killed Dowan
  6138 | D:6      | Reached XP level 9. HP: 55/65 MP: 9/9
  6248 | D:6      | Found a staircase to the Ecumenical Temple.
  6252 | D:6      | Noticed Prince Ribbit
  6282 | D:6      | Reached skill level 1 in Stealth
  6531 | D:6      | Acquired Okawaru's first power
  6531 | D:6      | Reached skill level 6 in Armour
  6740 | D:6      | Killed Prince Ribbit
  7246 | D:3      | Killed Sigmund
  7412 | D:7      | Identified the cursed ring "Neara" {Str+1 Dex+3 Acc-3 Dam-5} (You found it on level 5 of the Dungeon)
  7476 | D:7      | Gained mutation: Your mind is acute. (Int +2) [potion of beneficial mutation]
  7478 | D:7      | Gained mutation: You have a pair of small antennae on your head. [potion of mutation]
  7478 | D:7      | Gained mutation: You have an increased reservoir of magic (+10% MP). [potion of mutation]
  7478 | D:7      | Gained mutation: You have sharp toenails. [potion of mutation]
  7796 | D:7      | Found a blossoming altar of Fedhas.
  7809 | D:7      | Found an ancient bone altar of Kikubaaqudgha.
  8203 | D:7      | Reached skill level 5 in Slings
  8352 | D:7      | Reached skill level 7 in Armour
  8376 | D:7      | Reached XP level 10. HP: 46/73 MP: 12/12
  8549 | D:7      | Reached skill level 1 in Evocations
  8796 | D:7      | Paralysed by a potion of paralysis for 2 turns
  8870 | D:8      | Paralysed by a giant eyeball for 2 turns
  9938 | D:8      | Noticed Grum
  9944 | D:8      | Reached skill level 5 in Fighting
  9963 | D:8      | Killed Grum
  9969 | D:8      | Reached skill level 8 in Long Blades
  9991 | D:8      | Reached XP level 11. HP: 35/79 MP: 14/14
 10715 | D:8      | Found a staircase to the Lair.
 11985 | D:9      | Found a staircase to the Orcish Mines.
 12112 | D:9      | Noticed Maurice
 12630 | D:9      | Paralysed by a giant eyeball for 4 turns
 12637 | D:9      | Paralysed by a giant eyeball for 2 turns
 12664 | D:9      | Noticed Eustachio
 12725 | D:9      | Killed Eustachio
 12813 | D:9      | Reached skill level 9 in Long Blades
 13223 | D:9      | Found Edung's Antique Armour Shoppe.
 13261 | D:9      | Noticed a manticore
 13272 | D:9      | Killed a manticore
 13638 | D:9      | Acquired Okawaru's second power
 13717 | D:10     | Entered Level 10 of the Dungeon
 13844 | D:10     | Noticed a hill giant
 13848 | D:10     | Killed a hill giant
 13848 | D:10     | Reached XP level 12. HP: 86/86 MP: 15/15
 14056 | D:10     | Found an ancient bone altar of Kikubaaqudgha.
 14209 | D:10     | Found Idip Taughisk's General Store.
 14259 | D:10     | Bought 2 potions of curing for 56 gold pieces
 14259 | D:10     | Bought 3 scrolls of identify for 84 gold pieces
 14403 | D:11     | Reached skill level 10 in Long Blades
 14686 | D:11     | Received a gift from Okawaru
 14909 | D:11     | Noticed Nessos
 15045 | D:11     | Reached skill level 10 in Armour
 15099 | D:11     | Killed Nessos
 15348 | D:11     | Reached skill level 5 in Throwing
 15419 | D:11     | Reached skill level 11 in Long Blades
 15419 | D:11     | Reached XP level 13. HP: 80/93 MP: 17/17
 15679 | D:11     | Received a gift from Okawaru
 15767 | D:11     | Found Sastrupt's Gadget Emporium.
 16006 | D:11     | Received a gift from Okawaru
 16325 | D:11     | Reached skill level 1 in Invocations
 16849 | D:12     | Received a gift from Okawaru
 17153 | D:12     | Received a gift from Okawaru
 17220 | D:12     | Found an iron altar of Okawaru.
 17220 | D:12     | Noticed an orc warlord
 17265 | D:12     | Noticed Gastronok
 17294 | D:12     | Killed Gastronok
 17580 | D:12     | Received a gift from Okawaru
 17711 | D:12     | Lost mutation: Your mind is acute. (Int +2) [helix card]
 17715 | D:12     | Paralysed by a potion of paralysis for 7 turns
 17736 | D:12     | Received a gift from Okawaru
 17739 | D:12     | Reached skill level 12 in Long Blades
 17961 | D:12     | Got a crystal demon blade
 17962 | D:12     | Identified the +3,+3 demon blade "Xeeplicw" {flame, rPois} (You found it on level 12 of the Dungeon)
 18046 | D:12     | Killed an orc warlord
 18400 | Lair:1   | Entered Level 1 of the Lair of Beasts
 18478 | Lair:1   | Reached XP level 14. HP: 95/101 MP: 19/19
 18761 | Lair:1   | Received a gift from Okawaru
 19608 | Lair:2   | Noticed Erica
 19620 | Lair:2   | Killed Erica
 20027 | Lair:2   | Reached skill level 10 in Slings
 20225 | Lair:2   | Upgraded the game from 0.14-a0-3445-g2afddda to 0.14-a0-3472-gf2e932f
 20313 | Lair:3   | Reached skill level 10 in Shields
 21427 | Lair:4   | Found a hole to the Spider Nest.
 21443 | Lair:4   | Reached skill level 13 in Long Blades
 22569 | Lair:5   | Received a gift from Okawaru
 23121 | Lair:6   | Noticed Rupert
 23149 | Lair:6   | Killed Rupert
 23409 | Lair:6   | You fall through a shaft!
 23424 | Lair:7   | Received a gift from Okawaru
 23657 | Lair:7   | Reached XP level 15. HP: 104/109 MP: 21/23
 24017 | Lair:7   | Found a viscous altar of Jiyva.
 24017 | Lair:7   | Found a staircase to the Slime Pits.
 24607 | Lair:6   | Found a staircase to the Swamp.
 24964 | Lair:6   | Reached skill level 14 in Long Blades
 25055 | Lair:8   | Entered Level 8 of the Lair of Beasts
 25542 | Lair:8   | Received a gift from Okawaru
 25583 | Lair:8   | Received a gift from Okawaru
 26229 | Spider:1 | Entered Level 1 of the Spider Nest
 26267 | Spider:1 | Received a gift from Okawaru
 26545 | Spider:1 | Received a gift from Okawaru
 26555 | Spider:1 | Got a fine long sword {god gift}
 26556 | Spider:1 | Identified the +12,+5 long sword of Disaster {venom, +Fly} (Okawaru gifted it to you on level 1 of the Spider Nest)
 27194 | Spider:2 | Reached XP level 16. HP: 109/118 MP: 24/24
 27364 | Spider:2 | Noticed Donald
 27447 | Spider:2 | Killed Donald
 27466 | Spider:2 | Received a gift from Okawaru
 27485 | Spider:2 | Identified a +1 pair of boots of running (Okawaru gifted it to you on level 2 of the Spider Nest)
 27661 | Spider:2 | Noticed Kirke
 27976 | Spider:2 | Reached skill level 15 in Long Blades
 28201 | Spider:2 | Noticed a sphinx
 28201 | Spider:2 | Paralysed by a sphinx for 3 turns
 28224 | Spider:2 | Killed Kirke
 29278 | Spider:3 | Received a gift from Okawaru
 30221 | Spider:4 | Reached XP level 17. HP: 126/126 MP: 26/26
 30296 | Spider:5 | Entered Level 5 of the Spider Nest
 30803 | Spider:5 | Noticed Wiglaf
 30860 | Spider:5 | Killed Wiglaf
 31487 | Spider:5 | Reached skill level 16 in Long Blades
 31651 | Spider:5 | Received a gift from Okawaru
 31689 | Spider:5 | Got a faintly humming shield {god gift}
 31703 | Spider:5 | Identified the +3 shield of Melancholy {rElec MR+} (Okawaru gifted it to you on level 5 of the Spider Nest)
 33139 | Spider:5 | Got a gossamer rune of Zot
 33374 | Spider:5 | Received a gift from Okawaru
 34052 | Swamp:1  | Entered Level 1 of the Swamp
 34088 | Swamp:1  | Found a frozen archway.
 34216 | IceCv    | Entered an ice cave
 34275 | IceCv    | Received a gift from Okawaru
 34595 | Swamp:1  | Reached XP level 18. HP: 122/134 MP: 27/27
 34809 | Swamp:1  | Received a gift from Okawaru
 35669 | Swamp:2  | Reached skill level 10 in Fighting
 36023 | Swamp:2  | Reached skill level 17 in Long Blades
 36776 | Orc:1    | Entered Level 1 of the Orcish Mines
 36947 | Orc:1    | Noticed Erolcha
 36972 | Orc:1    | Killed Erolcha
 37926 | Orc:4    | Entered Level 4 of the Orcish Mines
 37977 | Orc:4    | Found a gateway to a bazaar.
 38190 | Orc:4    | Found a staircase to the Elven Halls.
 38520 | Orc:4    | Found Zivopur's Antique Armour Shop.
 38756 | Orc:4    | Found Wiff's Gadget Shoppe.
 38757 | Orc:4    | Found Plon's Magic Scroll Shop.
 38757 | Orc:4    | Found Gaumaang's Food Shoppe.
 38938 | Orc:4    | Found a roughly hewn altar of Beogh.
 39223 | Bazaar   | Entered a bazaar
 39244 | Bazaar   | Found Leubo's Weapon Shop.
 39258 | Bazaar   | Found Usepleq's Gadget Boutique.
 39258 | Bazaar   | Found Soumpoymn's Book Shop.
 39296 | Bazaar   | Found Mnast's Assorted Antiques.
 39305 | Bazaar   | Bought a potion of curing for 66 gold pieces
 39407 | Elf:1    | Entered Level 1 of the Elven Halls
 39985 | Elf:1    | Reached skill level 5 in Invocations
 40290 | Elf:2    | Received a gift from Okawaru
 40457 | Elf:2    | Found a flickering gateway to a bazaar.
 40884 | Elf:3    | Entered Level 3 of the Elven Halls
 40896 | Elf:3    | Reached XP level 19. HP: 136/141 MP: 28/28
 41073 | Elf:3    | Cast into the Abyss (deep elf sorcerer)
 41441 | Abyss:1  | Gained mutation: You are weak. (Str -2) [a neqoxec]
 41487 | Abyss:1  | Noticed a Hell Sentinel
 41539 | Abyss:1  | Noticed a bone dragon
 41542 | Abyss:1  | Killed from afar by a raiju

Action                   |  1- 3 |  4- 6 |  7- 9 | 10-12 | 13-15 | 16-18 | 19-21 || total
-------------------------+-------+-------+-------+-------+-------+-------+-------++-------
Melee: Long sword        |   119 |   185 |   722 |  1306 |   474 |    94 |    27 ||  2927
       Claymore          |       |       |       |    20 |       |       |       ||    20
       Demon blade       |       |       |       |       |  1560 |  2511 |    88 ||  4159
       Unarmed           |       |       |       |       |       |     2 |       ||     2
 Fire: Sling             |       |    19 |    95 |   112 |    78 |    55 |     8 ||   367
Throw: Javelin           |       |    10 |    19 |    84 |   129 |    42 |     6 ||   290
       Dart              |       |       |     4 |     3 |     3 |     1 |       ||    11
       Tomahawk          |       |       |     1 |     3 |    23 |    42 |       ||    69
Invok: Heroism           |       |       |       |    10 |    33 |    36 |     2 ||    81
       Finesse           |       |       |       |       |     5 |     5 |       ||    10
Evoke: Wand              |       |       |    13 |    21 |     2 |     9 |       ||    45
       Deck              |       |       |       |       |     5 |       |       ||     5
       Lamp of fire      |       |       |       |       |       |       |     1 ||     1
  Use: Scroll            |     2 |     5 |    12 |    22 |    26 |    15 |     2 ||    84
       Potion            |       |     3 |     4 |    12 |     6 |     8 |     2 ||    35
 Stab: Confused          |       |       |     2 |       |       |     1 |       ||     3
       Distracted        |       |       |       |     1 |       |     1 |       ||     2
